[Event "Late-Titled-Tuesday-Blitz-April-23-2024"]
[Site "Chess.com"]
[Date "2024.04.23"]
[Round "4"]
[White "venturov"]
[Black "ZachHKL"]
[Result "1-0"]
[WhiteElo "2503"]
[BlackElo "2289"]
[TimeControl "180+1"]
[EndTime "14:41:27 PDT"]
[Termination "venturov won by resignation"]

1. e4 c5 2. Nf3 d6 3. d4 cxd4 4. Nxd4 Nf6 5. Nc3 Nc6 6. Bc4 Bd7 7. O-O Rc8 8. Bb3 Na5 9. Re1 Nxb3 10. axb3 g6 11. Rxa7 Qb6 12. Ra1 Bg7 13. Be3 Qd8 14. h3 O-O 15. Ra7 Rb8 16. Qa1 Qc8 17. Qa5 b6 18. Qb4 Rd8 19. Rea1 Ne8 20. Nd5 Kf8 21. c3 Qc5 22. Nc2 Qxb4 23. Ncxb4 e6 24. Nxb6 Bb5 25. c4 d5 26. cxb5 d4 27. Bf4 Rxb6 28.
Nc6 Rc8 29. Ra8 Rcxc6 30. bxc6 Rxc6 31. Rd8 Ke7 32. Raa8 Nf6 33. e5 Nd5 34. Bg5+ f6 35. exf6+ Bxf6 36. Bxf6+ Kxf6 37. Ra1 d3 38. Rd1 Nb4 39.
Rd4 Rb6 40. f4 e5 41. fxe5+ Kxe5 42. Rd7 Ke4 43. Kf2 Rf6+ 44. Ke1 Re6 45. Kd2 Rf6 46. Re7+ Kd4 47. Rd7+ Nd5 48. Rxd5+ Kxd5 49. Kxd3 Rf2 50.
Rd2 Rf5 51. Rc2 Rf7 52. b4 Rd7 53. Kc3 Rb7 54. Rd2+ Kc6 55. Kc4 Rf7 56. b5+ Kb7 57. Kc5 Rf5+ 58. Rd5 Rf7 59. b6 Re7 60. Kb5 Rf7 61.
Rc5 Rf8 62. Rc7+ Kb8 63. Rxh7 Rf5+ 64. Ka6 Rf8 65. b4 Rc8 66. Rb7+ Ka8 67. Rg7 Kb8 68. Rxg6 1-0

[Event "Late-Titled-Tuesday-Blitz-April-23-2024"]
[Site "Chess.com"]
[Date "2024.04.23"]
[Round "4"]
[White "SmirnovTimofey2000"]
[Black "jaramsdal"]
[Result "0-1"]
[WhiteElo "1971"]
[BlackElo "2250"]
[TimeControl "180+1"]
[EndTime "14:41:27 PDT"]
[Termination "jaramsdal won on time"]

1. d4 Nf6 2. Bf4 d5 3. e3 c5 4.
c3 Nc6 5. Nd2 Qb6 6. Qb3 c4 7. Qc2 g6 8. e4 e5 9. dxe5 Nxe4 10.
Nxe4 dxe4 11. Bxc4 Bf5 12. Qb3 Qxb3 13. axb3 Bg7 14. e6 Bxe6 15. Bxe6 fxe6 16. O-O-O O-O 17. Ne2 g5 18. Be3 Ne5 19. Ng3 Nd3+ 20. Kb1 Nxf2 21. Bxf2 Rxf2 22. Nxe4 Rxg2 23. Rdg1 Rxg1+ 24. Rxg1 h6 25.
h4 gxh4 26. Rg4 h3 27. Rh4 Rf8 28. Rxh3 Rf4 29. Nd6 b6 30. Re3 e5 31. Nc8 Rf7 32.
Nd6 Rf1+ 33. Kc2 Rf2+ 34. Kb1 h5 35. Nc4 Rf5 36. Nd6 Rg5 37. Ne4 Rg4 38. Nf2 Rg1+ 39.
Kc2 Rg2 40. Re2 h4 41. Kd3 h3 42. Nxh3 Rg3+ 43. Re3 Rxe3+ 44. Kxe3 Kf7 45. Ke4 Bf6 46.
Nf2 Ke6 47. Nd3 a5 48. c4 Kd6 49. b4 a4 50. b5 Bg7 51. Ke3 Bh6+ 52. Ke4 Bf4 53. Nb4 Kc5 54. Kd3 Kxb4 55. c5 Kxc5 0-1

[Event "Late-Titled-Tuesday-Blitz-April-23-2024"]
[Site "Chess.com"]
[Date "2024.04.23"]
[Round "4"]
[White "Hikaru"]
[Black "TenisMaster"]
[Result "1-0"]
[WhiteElo "3314"]
[BlackElo "2963"]
[TimeControl "180+1"]
[EndTime "14:41:28 PDT"]
[Termination "Hikaru won on time"]

1. h4 d5 2. c4 c6 3. d4 Nf6 4.
cxd5 cxd5 5. Bf4 Nc6 6. e3 Bf5 7. Nc3 e6 8. f3 h6 9. g4 Bg6 10. Bd3 Bxd3 11. Qxd3 Bd6 12. Nge2 Rc8 13. Kf2 a6 14. Rad1 Bxf4 15. exf4 Qd6 16. h5 Na5 17. b3 Nc6 18. Qe3 Ne7 19. Ng3 O-O 20. Rc1 Rc6 21. g5 Nh7 22. Nce2 Rfc8 23. Rxc6 Rxc6 24.
gxh6 gxh6 25. f5 Ng5 26. f6 Nc8 27. Qe5 Rc2 28. f4 Nh7 29. f5 Ng5 30. Rc1 Rxc1 31. Nxc1 Qc6 32. Nd3 Nd6 33. fxe6 fxe6 34. Qe2 Qc3 35. Qe3 Qc2+ 36. Kf1 Qd1+ 37. Kg2 Qg4 38. Nf2 Qh4 39. Qe5 Ne8 40. Qb8 Kf7 41. Qxb7+ Kxf6 42. Qa8 Kf7 43. Qa7+ Kf6 44. Qb8 Kf7 45. Qb7+ Kf6 46.
Qxa6 Qxd4 47. Qa8 Kf7 48. Qb7+ Kf6 49. Qb8 Kf7 50. a4 Nf6 51. Qc7+ Kf8 52. Qc8+ Kf7 53.
Qc7+ Kf8 54. Qc8+ Kf7 55. Qc2 Nfe4 56. Nfxe4 dxe4 57. Qf2+ Nf3 58. Qxd4 Nxd4 59. a5 e3 60. a6 Nb5 61. Kf3 Ke7 62. Ne4 Kd7 63. Nf6+ Kc6 64.
Ng4 Kb6 65. Nxh6 Nd4+ 66. Kxe3 Nxb3 67. Ng8 Nc5 68. h6 1-0

[Event "Late-Titled-Tuesday-Blitz-April-23-2024"]
[Site "Chess.com"]
[Date "2024.04.23"]
[Round "4"]
[White "GMKrikor"]
[Black "TangerineandLemon25"]
[Result "1-0"]
[WhiteElo "2895"]
[BlackElo "2635"]
[TimeControl "180+1"]
[EndTime "14:41:28 PDT"]
[Termination "GMKrikor won by resignation"]

1. Nf3 d5 2. c4 e6 3. d4 a6 4. Nc3 dxc4 5. e4 b5 6. a4 b4 7. Ne2 c5 8. Ng3 Qc7 9. d5 Nf6 10. Bxc4 exd5 11. exd5 Bd6 12. O-O O-O 13. Bg5 Nbd7 14.
Nf5 h6 15. Bh4 Bb7 16. Nxd6 Qxd6 17. Bg3 Qb6 18. a5 Qd8 19. Qd3 Nh5 20. Bh4 g5 21.
Bg3 Qf6 22. Rfe1 Rae8 23. b3 Nxg3 24. hxg3 Qd6 25. Rad1 Kg7 26. Nd2 Nf6 27. Ne4 Nxe4 28. Rxe4 Bc8 29. Qe3 Bd7 30. Rxe8 Rxe8 31. Qd3 Bc8 32.
Kf1 f5 33. Rc1 Kf6 34. Qd2 Bb7 35. Re1 Rxe1+ 36. Qxe1 Qe5 37. Qd2 Ke7 38. f4 gxf4 39.
gxf4 Qa1+ 40. Kf2 Qd4+ 41. Qxd4 cxd4 42. Ke2 Kd6 43. Kd3 Bxd5 44. Kxd4 Bxg2 45. Bxa6 h5 46.
Bd3 Ke6 47. a6 h4 48. a7 h3 49. Bf1 Kf6 50. Ke3 Bd5 51. Bxh3 Ke6 52. Bf1 Kd6 53. Bc4 Bg2 54. Kd4 Kc6 55. a8=Q+ 1-0

[Event "Late-Titled-Tuesday-Blitz-April-23-2024"]
[Site "Chess.com"]
[Date "2024.04.23"]
[Round "4"]
[White "Korchmar_Vasiliy"]
[Black "PositionalPanther"]
[Result "1-0"]
[WhiteElo "2710"]
[BlackElo "2531"]
[TimeControl "180+1"]
[EndTime "14:41:31 PDT"]
[Termination "Korchmar_Vasiliy won by checkmate"]

1. d4 d5 2. c4 e6 3. Nf3 a6 4. g3 dxc4 5. Bg2 Nc6 6. O-O Rb8 7.
e4 Nf6 8. Nc3 Be7 9. d5 Nb4 10.
Ne5 Nd3 11. Nxc4 Nxc1 12. Rxc1 exd5 13. exd5 O-O 14. Qd3 Bd6 15. h3 g6 16. g4 Re8 17. f4 Bc5+ 18. Kh1 Bd7 19. Ne5 Bd6 20. Rce1 Bf8 21. Bf3 Bg7 22. g5 Bf5 23. Qd2 Nd7 24.
Ng4 Rxe1 25. Rxe1 Qf8 26. Qe3 Qc5 27. Qxc5 Nxc5 28. Re7 Nd7 29. Kg2 Rd8 30. Ne3 Bd3 31.
Bg4 Bxc3 32. bxc3 Bb5 33. c4 Ba4 34. f5 Kf8 35. f6 Re8 36. Bxd7 Bxd7 37. Rxd7 Rxe3 38.
Rxc7 Ke8 39. Rxb7 Re2+ 40. Kf3 Rxa2 41. c5 Rd2 42. Ke4 a5 43. Ra7 Re2+ 44. Kd4 Rd2+ 45.
Ke5 Re2+ 46. Kd6 Kf8 47. Rxa5 Re8 48. Ra7 h6 49. h4 h5 50. c6 Kg8 51. Rb7 Rd8+ 52.
Kc5 Rc8 53. c7 Kh7 54. d6 Re8 55. Kc6 Rf8 56. Rb3 Rc8 57. Re3 Re8 58. Re7 Kg8 59. Rxe8+ Kh7 60. Re7 Kg8 61. c8=Q+ Kh7 62. Rxf7# 1-0

[Event "Late-Titled-Tuesday-Blitz-April-23-2024"]
[Site "Chess.com"]
[Date "2024.04.23"]
[Round "4"]
[White "NitaLucian"]
[Black "Smoking_Crow"]
[Result "0-1"]
[WhiteElo "2353"]
[BlackElo "2613"]
[TimeControl "180+1"]
[EndTime "14:41:31 PDT"]
[Termination "Smoking_Crow won by resignation"]

1. e4 c6 2. d3 d5 3. Nd2 e5 4. Ngf3 Nd7 5. Be2 Bd6 6. O-O d4 7. c3 c5 8. Nc4 Bc7 9. cxd4 cxd4 10. a4 Ne7 11. b3 O-O 12. Ba3 Re8 13. Nd6 Bxd6 14.
Bxd6 Ng6 15. Rc1 Qf6 16. Ba3 Ndf8 17. g3 h6 18. Ne1 Bh3 19. Ng2 Ne6 20. Bg4 Bxg4 21.
Qxg4 Qg5 22. Qxg5 hxg5 23. Rc4 Red8 24. Rfc1 f6 25. f3 Kf7 26. R1c2 Ke8 27. Kf2 Rd7 28. Rc8+ Rxc8 29. Rxc8+ Rd8 30. Rxd8+ Kxd8 31. Ke2 Kd7 32. Ne1 Nh8 33. Nc2 Nf7 34. Nb4 Nc7 35. Nc2 Nd8 36.
Bf8 Nde6 37. Bb4 b6 38. Ba3 b5 39. axb5 Nxb5 40. Bb2 Nc5 41. Na1 Kc6 42. Kd2 Kb6 43.
Kc2 Ka5 44. Bc1 Kb4 45. Bd2+ Ka3 46. b4 Na6 47. Bc1+ Ka4 48. Kb2 Nxb4 49. Bd2 Nxd3+ 50. Kc2 Nc5 51. f4 d3+ 52. Kd1 gxf4 53. gxf4 exf4 54. Bxf4 Nxe4 55. Be3 Ka3 56. Kc1 Ka2 57. Nc2 dxc2 58. Kxc2 a5 59. h4 a4 60. h5 Ng3 61. h6 gxh6 62. Bxh6 Nf5 63. Bf4 Nfd4+ 64. Kd3 Kb3 65. Bh6 a3 66. Bg7 a2 67. Bxf6 a1=Q 68. Ke4 Qb1+ 69.
Kd5 Qf5+ 0-1

[Event "Late-Titled-Tuesday-Blitz-April-23-2024"]
[Site "Chess.com"]
[Date "2024.04.23"]
[Round "4"]
[White "Rud_Makarian"]
[Black "alexrustemov"]
[Result "1/2-1/2"]
[WhiteElo "3050"]
[BlackElo "2849"]
[TimeControl "180+1"]
[EndTime "14:41:32 PDT"]
[Termination "Game drawn by repetition"]

1. d4 d5 2. c4 c6 3. Nf3 Nf6 4. Nc3 dxc4 5. e4 b5 6. Be2 e6 7. a4 Bb7 8. axb5 cxb5 9. e5 Nd5 10. Nxb5 Nb6 11. O-O Qd7 12. Na3 Bxa3 13. Rxa3 Nc6 14. Be3 Ne7 15. Nd2 O-O 16. Bf3 Bxf3 17. Qxf3 Nf5 18. Ne4 Rab8 19. Rd1 Nd5 20. Bc1 Rb3 21. Rxb3 cxb3 22. Qxb3 Rc8 23. h3 h6 24. Qd3 Qc6 25.
Bd2 Qa4 26. Bc3 a5 27. Kh2 Rb8 28. Nc5 Qb5 29. Qxb5 Rxb5 30. Ra1 Nb4 31. g4 Ne7 32. Kg3 Nec6 33. Ra4 Nc2 34. h4 N2xd4 35. Bxd4 Nxd4 36. Rxd4 Rxc5 37. f4 g5 38. hxg5 hxg5 39. fxg5 Rxe5 40. Kh4 Kg7 41. Rd8 Rb5 42. Ra8 Kg6 43. Rg8+ Kh7 44. Ra8 Kg7 45. Ra7 Kg6 46. Ra8 Rxb2 47. Rxa5 Rh2+ 48. Kg3 Rh1 49. Kf4 Rf1+ 50. Kg3 Rd1 51. Kf4 Rd4+ 52. Kf3 Rd5 53. Ra8 Rxg5 54. Kf4 Rd5 55.
Rg8+ Kf6 56. g5+ Ke7 57. g6 f6 58. Rg7+ Kd6 59. Rf7 Rf5+ 60. Ke4 Re5+ 61. Kf4 Rf5+ 62.
Ke4 Re5+ 63. Kf4 Rf5+ 1/2-1/2

[Event "Late-Titled-Tuesday-Blitz-April-23-2024"]
[Site "Chess.com"]
[Date "2024.04.23"]
[Round "4"]
[White "Bryanl106"]
[Black "NajdorfPlayerc5"]
[Result "0-1"]
[WhiteElo "2683"]
[BlackElo "2478"]
[TimeControl "180+1"]
[EndTime "14:41:33 PDT"]
[Termination "NajdorfPlayerc5 won by checkmate"]

1. e4 c5 2. Nf3 d6 3. d4 cxd4 4. Nxd4 Nf6 5. Nc3 a6 6. h4 e5 7. Nb3 Be7 8. Bg5 Be6 9. Bxf6 Bxf6 10. g3 Nd7 11. Qxd6 Be7 12. Qd2 Bb4 13. a3 Bxc3 14. Qxc3 Rc8 15. Qd2 Bxb3 16. cxb3 Nc5 17. Qe3 Qd4 18. Qxd4 exd4 19. Bc4 Nxe4 20. O-O O-O 21.
Rad1 Rfd8 22. Rfe1 Nd6 23. Rxd4 b5 24. Bf1 Kf8 25.
a4 Nf5 26. Rxd8+ Rxd8 27. axb5 axb5 28. Bxb5 Nd4 29. Be2 Re8 30. Kf1 Nxb3 31. Rd1 Rc8 32. Ba6 Rc2 33. Bd3 Rxb2 34. Bxh7 g6 35. h5 Nd2+ 36.
Ke2 Ne4+ 37. Ke3 Nxf2 38. Rd7 Ng4+ 39. Kf4 Nf6 40. Rd8+ Ke7 41. hxg6 Kxd8 42. g7 Ke7 43. g8=Q Nxg8 44. Bxg8 f6 45. Bh7 Rb4+ 46. Kf3 Ke6 47.
Bg8+ Ke5 48. Bh7 Rb3+ 49. Kg4 Rb4+ 50. Kf3 f5 51. Bg8 Kf6 52. Ba2 Kg5 53. Bd5 Rd4 54. Be6 Rd3+ 55. Kf2 Kg4 56. Bc8 Rf3+ 57. Ke2 Rxg3 58. Be6 Rf3 59. Bf7 Rf4 60. Ke3 Ra4 61. Kf2 Ra2+ 62. Kf1 f4 63. Bd5 Kg3 64. Kg1 Ra1# 0-1

[Event "Late-Titled-Tuesday-Blitz-April-23-2024"]
[Site "Chess.com"]
[Date "2024.04.23"]
[Round "4"]
[White "LUISMIGUELOV"]
[Black "Flaccidmoves"]
[Result "1-0"]
[WhiteElo "2211"]
[BlackElo "2414"]
[TimeControl "180+1"]
[EndTime "14:41:33 PDT"]
[Termination "LUISMIGUELOV won on time"]

1. e4 e6 2. Nf3 d5 3. exd5 exd5 4. d4 Bd6 5. Bd3 Ne7 6. Bg5 f6 7. Bh4 Nbc6 8. c3 Bf5 9. Qe2 Qd7 10. Nbd2 O-O-O 11. Bg3 Rhe8 12. O-O-O Ng6 13. Bxf5 Qxf5 14. Qb5 a6 15. Qa4 Nf4 16. Bxf4 Bxf4 17. Qc2 Qg4 18. g3 Qxf3 19. gxf4 Qxf4 20. Rhg1 g6 21. Rg2 Re2 22. Kb1 Rde8 23. Qd3 Re1 24. Rxe1 Rxe1+ 25. Kc2 Na5 26. b3 f5 27. f3 Qe3 28. Qxe3 Rxe3 29. h4 Nc6 30. h5 Re6 31. hxg6 hxg6 32. f4 Nd8 33. Nf3 Nf7 34. Ne5 Nxe5 35. dxe5 Kd7 36. Kd3 c5 37. b4 b6 38. a4 Kc6 39. a5 bxa5 40. bxc5 Kxc5 41. Ra2 g5 42. Rxa5+ Kb6 43. Rxd5 gxf4 44. Ke2 a5 45. Kf3 Kc6 46. Rxa5 Kb6 47. Rd5 Kc6 48.
c4 Rh6 49. Kxf4 Rh4+ 50. Kxf5 Rxc4 51. Rd6+ Kc7 52. Rd1 Rc2 53. Ke6 Rc6+ 54. Ke7 Rh6 55. Rc1+ Kb7 56. e6 Rh7+ 57. Kd8 Rh8+ 58. Kd7 Rh2 59. e7 Rd2+ 60. Ke8 Re2 61. Rc5 Re3 62. Kf7 Rf3+ 63. Ke6 Re3+ 64. Re5 1-0

[Event "Late-Titled-Tuesday-Blitz-April-23-2024"]
[Site "Chess.com"]
[Date "2024.04.23"]
[Round "4"]
[White "Attacker_2006"]
[Black "DeTimmerman"]
[Result "0-1"]
[WhiteElo "2550"]
[BlackElo "2748"]
[TimeControl "180+1"]
[EndTime "14:41:40 PDT"]
[Termination "DeTimmerman won by resignation"]

1. e4 e5 2. Nc3 Nf6 3. Bc4 Nxe4 4. Qh5 Nd6 5. Bb3 Be7 6. Qxe5 O-O 7. Nf3 Nc6 8. Qg3 Nf5 9. Qf4 d6 10.
O-O Be6 11. d4 d5 12. Qd2 Bf6 13. Ne2 Nd6 14. Nf4 Ne4 15. Qd1 Bg4 16. Bxd5 Ng5 17. c3 Ne7 18. Bxb7 Rb8 19. h3 Bf5 20. Ba6 Qd7 21.
Nxg5 Bxg5 22. Bd3 Bxf4 23. Bxf4 Rxb2 24. Bc4 Nd5 25. Qf3 Nxf4 26. Qxf4 Be6 27. Bxe6 fxe6 28. Qe3 Qc6 29. Rae1 Rf6 30. Re2 Rxe2 31. Qxe2 Qxc3 32. Qe5 h6 33. Rb1 Qc2 34. Rf1 Qxa2 35. Qxc7 a5 36. Qb8+ Kh7 37. Qb1+ Qxb1 38. Rxb1 Rf8 39. Ra1 Ra8 40.
Kf1 Kg6 41. Ke2 Kf5 42. Kd3 a4 43. Kc3 Ke4 44. Re1+ Kd5 45. Re5+ Kd6 46. Kb2 Rf8 47. f3 Rf4 48. Re4 Rxe4 49. fxe4 Kc6 50. Ka3 Kb5 51.
g3 Kc4 52. d5 exd5 53. e5 Kc5 54. e6 Kd6 55. Kxa4 Kxe6 56. Kb4 Ke5 57. Kc3 d4+ 58. Kd3 Kd5 59. h4 h5 0-1

[Event "Late-Titled-Tuesday-Blitz-April-23-2024"]
[Site "Chess.com"]
[Date "2024.04.23"]
[Round "4"]
[White "Denmark2015"]
[Black "Gravity_Chess"]
[Result "0-1"]
[WhiteElo "2611"]
[BlackElo "2868"]
[TimeControl "180+1"]
[EndTime "14:41:41 PDT"]
[Termination "Gravity_Chess won on time"]

1. d4 Nf6 2. c4 g6 3. Nc3 Bg7 4. e4 O-O 5. Nf3 d6 6. Be2 Bg4 7. Be3 Nc6 8. d5 Bxf3 9. Bxf3 Ne5 10. Be2 e6 11. Qd2 Qe7 12. O-O-O a6 13. Kb1 b5 14.
dxe6 Qxe6 15. c5 dxc5 16. Bxc5 Rfe8 17. f3 Bf8 18. Bxf8 Kxf8 19. Nd5 Nxd5 20. Qxd5 Rad8 21. Qxe6 fxe6 22. a4 c6 23. Kc2 Ke7 24. Kc3 Nd7 25.
b3 Rb8 26. axb5 axb5 27. Ra1 Ra8 28. f4 e5 29. f5 Nf6 30. Bf3 g5 31. g4 h6 32.
Rxa8 Rxa8 33. h4 Ra2 34. hxg5 hxg5 35. Kd3 Rb2 36. Bd1 Rg2 37. Rh6 c5 38. Rg6 Rg3+ 39.
Kc2 Nxe4 40. Rb6 b4 41. Re6+ Kd7 42. Rxe5 Rg2+ 43. Kc1 Nc3 44. Bf3 Rf2 45. Re3 Nb5 46.
f6 Nd6 47. Rd3 Ke6 48. Bd5+ Kxf6 49. Re3 Nb5 50. Re6+ Kg7 51. Re7+ Kg6 52. Re6+ Rf6 53. Be4+ Kg7 54. Re7+ Kf8 55. Re5 Nd4 56. Rxg5 Nxb3+ 57. Kb2 c4 58. Bd5 Rf2+ 59. Kb1 Nd2+ 60. Kc1 Ke7 61.
Rf5 Rh2 62. Rf4 c3 0-1

[Event "Late-Titled-Tuesday-Blitz-April-23-2024"]
[Site "Chess.com"]
[Date "2024.04.23"]
[Round "4"]
[White "Cambek64"]
[Black "N_I_Chess"]
[Result "0-1"]
[WhiteElo "2518"]
[BlackElo "2382"]
[TimeControl "180+1"]
[EndTime "14:41:44 PDT"]
[Termination "N_I_Chess won on time"]

1. d4 Nf6 2. c3 d5 3. Bf4 c5 4. e3 Nc6 5. Nf3 e6 6. Nbd2 Bd6 7. Bxd6 Qxd6 8. Bb5 O-O 9. O-O a6 10. Bxc6 bxc6 11.
Qa4 cxd4 12. cxd4 c5 13. Qa3 Nd7 14. Nb3 Rb8 15. Rac1 e5 16. Nxc5 exd4 17. Nxd4 Ne5 18. b3 Qg6 19. Kh1 Ng4 20. Nf3 Bf5 21. Qb2 Rfe8 22. Qd4 Be4 23. Nxe4 dxe4 24. Ng1 Qh5 25. h3 Qh4 26. g3 Qh6 27. Kg2 Nxe3+ 28. Qxe3 Qg6 29.
Rfd1 h6 30. Rd4 Re6 31. Rcc4 Rbe8 32. Ne2 Re5 33. h4 Qe6 34. Nf4 Qe7 35. h5 a5 36. a3 Qxa3 37. b4 axb4 38. Qxa3 bxa3 39. Ra4 e3 40. fxe3 Rxe3 41. Rd2 Rb8 42. Ra2 Rbb3 43. Kf2 Rf3+ 44. Kg2 Rxg3+ 45. Kh2 Rgf3 46. Ng2 Kh7 47. Rf4 Rh3+ 48. Kg1 Rxh5 49. Kf2 Rhb5 50. Kg1 Rb1+ 51.
Kh2 R1b3 52. Rff2 Rh5+ 53. Kg1 f6 54. Ne1 Rb1 55. Rfe2 Rh3 56. Kg2 Rc3 57. Nc2 Rb2 0-1

[Event "Late-Titled-Tuesday-Blitz-April-23-2024"]
[Site "Chess.com"]
[Date "2024.04.23"]
[Round "4"]
[White "MaxLeto"]
[Black "nabukatnezarr"]
[Result "1-0"]
[WhiteElo "2430"]
[BlackElo "2613"]
[TimeControl "180+1"]
[EndTime "14:41:48 PDT"]
[Termination "MaxLeto won on time"]

1. g4 e5 2. Bg2 Ne7 3. c4 Ng6 4. d3 Nh4 5. Be4 c6 6. Nc3 Bb4 7. Qb3 Na6 8. Nf3 d6 9. Rg1 O-O 10. Bd2 Bxc3 11. Qxc3 d5 12. Nxh4 dxe4 13. Nf5 exd3 14.
e4 Re8 15. O-O-O Nc5 16. f3 Ne6 17. Be3 c5 18. Qxe5 Qa5 19. Kb1 f6 20. Qd5 Rd8 21. Nd6 Qc7 22. Rxd3 Bd7 23. Rgd1 Kf8 24. f4 Ke7 25. f5 Bc8 26. fxe6 Bxe6 27. Qxc5 Qxc5 28. Bxc5 b6 29. Ba3 Rd7 30. Nf5+ Kd8 31. Rxd7+ Bxd7 32. Nxg7 Kc7 33. Nf5 Be6 34. Bd6+ Kb7 35. c5 bxc5 36.
Bxc5 Kc6 37. Bd4 Rg8 38. Bxf6 Kb6 39. Rd6+ Kb7 40. Rxe6 Rxg4 41. Nd6+ Kc6 42. e5 Rg1+ 43. Kc2 Kd5 44. Re8 Rg2+ 45. Kb3 Rxh2 46. Rh8 Rh3+ 47. Ka4 h5 48. b4 Ke6 49. a3 a6 50. Nc4 Kd5 51.
Nb6+ Kc6 52. Nc4 Kd5 53. Na5 Ke6 54. Nb3 Kd5 55. Nc5 a5 56. Kxa5 Rxa3+ 57. Kb6 Rh3 58. b5 Rh1 59. Na6 Rb1 60. Ka7 Kc4 61. b6 Ra1 62.
Rxh5 Kb5 63. e6+ Kc6 64. b7 Kd6 65. b8=Q+ Kxe6 66. Qe5+ Kf7 67. Rh7+ Kg8 68. Rg7+ 1-0

[Event "Late-Titled-Tuesday-Blitz-April-23-2024"]
[Site "Chess.com"]
[Date "2024.04.23"]
[Round "4"]
[White "ritanovikova"]
[Black "Andrii_Prydun"]
[Result "1/2-1/2"]
[WhiteElo "2180"]
[BlackElo "2363"]
[TimeControl "180+1"]
[EndTime "14:41:53 PDT"]
[Termination "Game drawn - insufficient material"]

1. e4 d5 2. exd5 Qxd5 3. Nc3 Qf5 4. d4 Nf6 5. Bd3 Qg4 6. Qxg4 Bxg4 7. h3 Bh5 8. Bf4 c6 9. g4 Bg6 10. O-O-O Bxd3 11. Rxd3 e6 12. Nf3 Nbd7 13. Ne5 Nxe5 14. Bxe5 O-O-O 15. f3 Bd6 16. Rhd1 Bb4 17. Ne4 Nxe4 18. fxe4 f6 19. Bg3 Rhe8 20. c3 Bd6 21. e5 fxe5 22.
dxe5 Bc7 23. Rf3 Rd7 24. Rxd7 Kxd7 25. Kc2 Bd8 26. Rf7+ Re7 27. Rf3 Ke8 28. Kd3 Rf7 29.
Rxf7 Kxf7 30. Ke4 Bb6 31. b3 Kg6 32. Bh4 h5 33. Be7 hxg4 34. hxg4 Kf7 35. Bd6 Kg6 36. Be7 Kf7 37. Bh4 Kg6 38. c4 Kf7 39. b4 a6 40. a4 Ba7 41. b5 Bb6 42. Be1 Ba7 43.
Bd2 Bb6 44. a5 Bc5 45. bxc6 bxc6 46. Be1 Ba7 47. Bd2 Kg6 48. Bc1 Bc5 49. Bd2 Bf2 50. Kf3 Ba7 51. Ke4 Bc5 52. Kf3 Be7 53. Ke4 Bg5 54. Bb4 Bh4 55. Bd2 Bf2 56. Bc1 Be1 57.
Kd4 Bxa5 58. Kc5 Bc7 59. Kxc6 Bxe5 60. Kd7 Kf7 61. c5 a5 62. c6 a4 63. Bb2 Bf4 64. c7 Bxc7 65. Kxc7 e5 66. Bxe5 a3 67. Kc6 Kg6 68.
Kb5 Kg5 69. Bxg7 Kxg4 70. Ka4 a2 71. Kb3 a1=Q 72. Bxa1 1/2-1/2

[Event "Late-Titled-Tuesday-Blitz-April-23-2024"]
[Site "Chess.com"]
[Date "2024.04.23"]
[Round "4"]
[White "Zura_19"]
[Black "MyDream003"]
[Result "1-0"]
[WhiteElo "2602"]
[BlackElo "2825"]
[TimeControl "180+1"]
[EndTime "14:41:55 PDT"]
[Termination "Zura_19 won by resignation"]

1. d4 Nf6 2. Nf3 g6 3. Bf4 Bg7 4. Nbd2 d6 5. e4 O-O 6. Be2 Nc6 7. c3 Nd7 8. O-O e5 9. Be3 h6 10. d5 Ne7 11. Ne1 f5 12. f3 f4 13. Bf2 g5 14.
c4 a5 15. Nd3 b6 16. b3 h5 17. a3 Nf6 18. b4 g4 19. Bh4 Ng6 20. Bxf6 Rxf6 21.
fxg4 axb4 22. gxh5 Nh4 23. axb4 Rxa1 24. Qxa1 Rh6 25. Qa8 Nxg2 26. Bg4 Ne3 27. Qxc8 Qxc8 28. Bxc8 Nxf1 29. Kxf1 Rxh5 30. Nf3 Bf6 31. c5 Kf7 32. cxd6 cxd6 33. Nb2 Rh8 34. Bb7 Ke7 35. Nc4 Kd7 36. Bc6+ Kc7 37. Nb2 Be7 38. Nd3 Rg8 39. Nf2 Rh8 40.
h3 Rh7 41. Kg2 Rh8 42. Ng4 Rh7 43. Nf2 Kb8 44. Kf1 Bd8 45. Ke2 Rg7 46. Ng4 Rh7 47.
Nf2 Rg7 48. Ng4 Ra7 49. Kd3 Ra3+ 50. Ke2 Ra2+ 51. Kf1 Rb2 52. b5 Rb3 53. Kg2 Kc7 54. h4 Rb2+ 55. Nf2 Ra2 56. h5 Bf6 57. h6 Kd8 58. h7 Ra7 59. Ng4 Rg7 60. h8=Q+ Kc7 61. Qa8 Rxg4+ 62. Kf1 1-0

[Event "Late-Titled-Tuesday-Blitz-April-23-2024"]
[Site "Chess.com"]
[Date "2024.04.23"]
[Round "4"]
[White "tarno17"]
[Black "Heliosis11"]
[Result "1-0"]
[WhiteElo "2150"]
[BlackElo "2390"]
[TimeControl "180+1"]
[EndTime "14:41:56 PDT"]
[Termination "tarno17 won by resignation"]

1. e4 e5 2. Nf3 Nc6 3. Bb5 a6 4.
Ba4 Nf6 5. O-O b5 6. Bb3 Bc5 7. c3 d6 8. d4 Bb6 9. Bg5 h6 10. Bh4 g5 11. Bg3 Bg4 12. dxe5 Bxf3 13. Qxf3 Nxe5 14.
Qf5 Nfd7 15. Bxe5 Nxe5 16. Nd2 O-O 17. Nf3 Nxf3+ 18. Qxf3 Qe7 19. Rae1 Qe5 20. Qh5 Kg7 21. Kh1 Rae8 22. h3 f5 23. exf5 Qxe1 24. Rxe1 Rxe1+ 25.
Kh2 Rxf5 26. Qg4 Kf6 27. Bc2 Rf4 28. Qh5 Rh4 29. Qg6+ Ke7 30. Qg7+ Kd8 31. Bf5 Ke8 32. Qd7+ Kf8 33. Bg6 Re7 34. Qd8+ Kg7 35. Qxe7+ Kxg6 36. Qe6+ Kg7 37. Qe7+ Kg6 38. f3 Rf4 39. Qe8+ Rf7 40. Qe2 Kf6 41. Qd3 Re7 42. g4 Re3 43. Qd1 Ke5 44. Kg2 d5 45. Qd2 c6 46. Qc2 Kd6 47.
Qg6+ Kd7 48. Qf7+ Re7 49. Qf5+ Kc7 50. Qf6 Re2+ 51. Kf1 Rf2+ 52. Ke1 Rxb2 53. Qxh6 Ba5 54. Qg7+ Kb6 55. Qd4+ Kb7 56. Qg7+ Bc7 57. Qxg5 Rxa2 58. h4 Bg3+ 59. Kd1 a5 60. h5 a4 61. Qe7+ Kb6 62.
h6 Ra1+ 63. Kc2 Ra2+ 64. Kd1 a3 65. h7 Rh2 66. Qd8+ Kc5 67. h8=Q Rxh8 68. Qxh8 a2 69. Qa8 Kc4 70. Qxa2+ Kxc3 71. Qc2+ Kd4 72. Qxc6 b4 73.
Qc2 Bf4 74. Qb3 Kc5 75. Ke2 d4 76. Kd3 1-0

[Event "Late-Titled-Tuesday-Blitz-April-23-2024"]
[Site "Chess.com"]
[Date "2024.04.23"]
[Round "4"]
[White "carokannlover213"]
[Black "OPQRC"]
[Result "1/2-1/2"]
[WhiteElo "2781"]
[BlackElo "2580"]
[TimeControl "180+1"]
[EndTime "14:41:59 PDT"]
[Termination "Game drawn - insufficient material"]

1. e4 c5 2. Nf3 Nc6 3. d4 cxd4 4. Nxd4 Nf6 5. Nc3 e6 6. Nxc6 bxc6 7. e5 Nd5 8. Ne4 Bb7 9. Be2 c5 10. O-O Qc7 11.
Nd6+ Bxd6 12. exd6 Qc6 13. f3 c4 14. Qd4 O-O 15.
Bxc4 Qxd6 16. b3 Qb6 17. Qxb6 Nxb6 18. Bd3 Nd5 19. Bd2 a5 20. a3 Rfc8 21. c4 Ne7 22. b4 Nc6 23. Bc3 f6 24. f4 d5 25. c5 d4 26. Bd2 Ne7 27. Rfe1 Kf7 28. Rac1 axb4 29. axb4 Ra2 30. Re2 Bd5 31. b5 Rb2 32. c6 Ra8 33. Rb1 Raa2 34. Rxb2 Rxb2 35. Be1 Rb3 36. Rd2 Nc8 37. h4 Na7 38. c7 Ke7 39.
Ra2 Nc8 40. Rd2 Kd7 41. Bxh7 Kxc7 42. Rxd4 Nd6 43. Bd3 Nxb5 44. Ba5+ Kc6 45. Bxb5+ Rxb5 46. Bd2 Rb2 47. f5 exf5 48. Rd3 Rc2 49. Rc3+ Rxc3 50. Bxc3 Kd7 51. g3 Ke8 52. Kf2 Kf7 53. Bd2 Kg6 54. Bc1 Kh5 55. Bd2 Kg4 56. Bc3 f4 57. gxf4 Kxf4 58. Ba5 Kg4 59. Bb4 Kxh4 60. Bf8 g6 61. Be7 Kg5 62. Kg3 Kf5 63. Kh4 g5+ 64. Kg3 Kg6 65. Bb4 f5 66. Bd2 Kf6 67. Bc1 Kg6 68. Bd2 Kh5 69. Bc1 Be6 70. Bd2 Bd7 71. Bc1 Bc6 72. Bd2 Be4 73. Bc1 Kg6 74. Bd2 Kf6 75.
Bc1 Ke5 76. Bxg5 f4+ 77. Bxf4+ 1/2-1/2

[Event "Late-Titled-Tuesday-Blitz-April-23-2024"]
[Site "Chess.com"]
[Date "2024.04.23"]
[Round "4"]
[White "kalinchick"]
[Black "LeninGuerra"]
[Result "1-0"]
[WhiteElo "2451"]
[BlackElo "2667"]
[TimeControl "180+1"]
[EndTime "14:42:01 PDT"]
[Termination "kalinchick won by resignation"]

1. d4 Nf6 2. c4 c5 3. dxc5 e6 4. Nf3 Bxc5 5. e3 O-O 6. Be2 b6 7. O-O Bb7 8. b3 d5 9. Bb2 dxc4 10. Bxc4 Nbd7 11. Qe2 Qc7 12. Nbd2 Rac8 13. Ba6 Rfd8 14. Bxb7 Qxb7 15. Nc4 Ne4 16. Nfe5 Nxe5 17. Nxe5 Rd2 18.
Qxd2 Nxd2 19. Rfd1 Bb4 20. a3 Rc2 21. axb4 Rxb2 22. Nc4 Rc2 23. Nxd2 h5 24. Nf3 Qc7 25. h4 g6 26. b5 e5 27. Rd5 e4 28. Ng5 Rc1+ 29.
Rxc1 Qxc1+ 30. Kh2 Qc7+ 31. Kg1 Qc1+ 32. Kh2 Qc2 33. Kg3 Qxb3 34. Re5 Kg7 35. Re7 Qxb5 36. Rxf7+ Kg8 37. Rxa7 Qe5+ 38. Kh3 b5 39. Ra8+ Kg7 40. Ra7+ Kf8 41. Rb7 Qd5 42. Rb8+ Ke7 43. g3 Qf5+ 44. Kg2 Kd7 45. Rb6 Kc7 46. Re6 b4 47. Rxe4 b3 48. Rb4 Qd5+ 49. Nf3 Kc6 50. Rd4 Qe6 51. Nd2 Kc5 52. Kf3 b2 53. Ke2 Qf5 54. Rd3 Qf6 55. Ne4+ Kb4 56. Nxf6 b1=Q 57. Nd5+ Kc4 58. Nf4 Qc2+ 59. Kf3 Kc5 60. Rd4 Kc6 61.
Re4 Qd1+ 62. Kg2 Qg4 63. Re6+ Kd7 64. Rxg6 Qf5 65. Rg5 Qe4+ 66. Kh2 Qf3 67. Kg1 Qd1+ 68. Kg2 Ke7 69. Rxh5 Kf6 70. Rd5 Qe1 71. h5 Qb4 72. h6 Qb7 73. Kh2 Qh7 74. Rh5 Kf7 75. Rh4 Kf6 76.
Kg2 Kg5 77. Rh5+ Kf6 78. g4 Qe4+ 79. Kg3 Qb1 80. h7 Qg1+ 81. Kf3 Qd1+ 82. Kg3 Qg1+ 83. Ng2 Kg6 84. h8=Q Qxg2+ 85. Kxg2 1-0